 Dungeon Crawl Stone Soup version 0.29.1-15-g9cfb28693d (webtiles) character file.

Game seed: 16670866046669801940

499 growler the Insei (level 7, -4/48 HPs)
             Began as a Merfolk Transmuter on Mar 20, 2023.
             Was an Initiate of Wu Jian.
             Slain by a yak (14 damage)
             ... on level 4 of the Dungeon.
             The game lasted 00:09:10 (4694 turns).

growler the Insei (Merfolk Transmuter)              Turns: 4694, Time: 00:09:11

Health: -4/48      AC:  4    Str: 17    XL:     7   Next: 16%
Magic:  11/11      EV: 12    Int: 14    God:    Wu Jian [......]
Gold:   228        SH:  0    Dex: 14    Spells: 2/12 levels left

rFire   . . .      SeeInvis .     - Unarmed
rCold   . . .      Faith    .   (no shield)
rNeg    . . .      Spirit   .   a - +0 robe
rPois   .          Reflect  .   (no helmet)
rElec   .          Harm     .   (no cloak)
rCorr   .          Rampage  .   b - +0 pair of gloves
Will    .....                   h - +0 pair of boots
Stlth   +.........              (no amulet)
HPRegen 0.16/turn               q - +6 ring of strength
MPRegen 0.12/turn               (no ring)

@: no status effects
A: (nimble swimmer 2), mertail
a: Renounce Religion


You were on level 4 of the Dungeon.
You worshipped Wu Jian.
Wu Jian was noncommittal.
You visited 1 branch of the dungeon, and saw 4 of its levels.

You collected 228 gold pieces.

Inventory:

Missiles
 l - 5 silver javelins
Armour
 a - a +0 robe (worn)
 b - a +0 pair of gloves (worn)
 h - a +0 pair of boots (worn)
Jewellery
 k - a ring of protection from fire
 q - a +6 ring of strength (left hand)
Scrolls
 c - a scroll of poison
 d - 3 scrolls of identify
 e - 2 scrolls of teleportation {unknown}
 f - a scroll of torment {unknown}
 g - a scroll of enchant weapon {unknown}
 j - a scroll of noise {unknown}
 m - a scroll of magic mapping {unknown}
 o - a scroll of immolation {unknown}
 p - a scroll of enchant armour {unknown}
Potions
 i - a potion of attraction
 n - 2 potions of brilliance


   Skills:
 - Level 1.1 Fighting
 - Level 2.6 Dodging
 + Level 7.8 Unarmed Combat
 - Level 3.0 Spellcasting
 - Level 4.0 Transmutations


You had 2 spell levels left.
You knew the following spells:

 Your Spells              Type           Power      Damage    Failure   Level
a - Beastly Appendage     Tmut           26%        N/A       4%          1
b - Wereblood             Tmut           13%        N/A       6%          2
c - Spider Form           Tmut/Pois      7%         N/A       28%         3
d - Ice Form              Ice/Tmut       7%         N/A       67%         4

Your spell library contained the following spells:

 Spells                   Type           Power      Damage    Failure   Level
 Call Canine Familiar     Summ           2%         N/A       54%         3
 Portal Projectile        Hex/Tloc       4%         N/A       54%         3
 Leda's Liquefaction      Hex/Erth       1%         N/A       91%         4


Dungeon Overview and Level Annotations

Branches:
Dungeon (4/15)
 Temple: D:4-7

Altars:
Wu Jian


Innate Abilities, Weirdness & Mutations

((You are very nimble when in or above water. (Stealth+, EV+, Speed+++)))
Your lower body shifts to a powerful aquatic tail in water.


Message History

Your +0 robe melds into your body.
The yak bellows!
You bite the yak!
The yak is lightly wounded.
The yak misses you.
You barely miss the yak.
The yak is lightly wounded.
The yak completely misses you.
You hit the yak.
The yak is poisoned.
The yak is moderately wounded.
Your transformation is almost over.
The yak gores you!
You hit the yak but do no damage.
The yak is moderately wounded.
You hit the yak.
The yak is moderately wounded.
The yak misses you.
You hit the yak but do no damage.
The yak looks as sick as possible!
The yak is moderately wounded.
The yak barely misses you. The yak attacks as you move away!
The yak closely misses you. The yak attacks as you move away!
The yak misses you. The yak attacks as you move away!
The yak completely misses you. The yak attacks as you move away!
The yak closely misses you.
Your transformation has ended.
Your +0 pair of gloves unmelds from your body.
Your +0 pair of boots unmelds from your body.
Your +0 robe unmelds from your body.
There is an open door here.
The yak attacks as you move away! The yak gores you!
The yak attacks as you move away! The yak gores you.
The yak attacks as you move away! The yak gores you!
* * * LOW HITPOINT WARNING * * *
Okay, then.
Okay, then.
Okay, then.
The air fills with toxic fumes!
As you read the scroll labelled QYJARY AM RINU, it crumbles to dust.
It was a scroll of poison.
The yak gores you!
You die...

#..#.# #.####
##.....##
##.#.# #.#
##...##
##.#.# #.#
##'## .....#
#####.#####
#.# ##.###
#.......§§#
###.# #.#
#.###.###§#
##...## ##.#
#.# #.# #§#
##.###.##
...# #.#
#§###§####§##
##.##### ####
#.#
#§§§§@Y§§§##
##..... #.#
#####§###§#
#.#### #.#
#§# #.## ##.#
#.#######§#
##.## ##.##
#.......§§#
##.###.##
###########
##...## #####


You could see a yak (poisoned).

Vanquished Creatures
  2 yaks (D:4)
  A scorpion (D:4)
  3 iguanas (D:4)
  An adder (D:4)
  A dart slug (D:3)
  6 orcs (D:3)
  8 ball pythons
  6 endoplasms
  3 giant cockroaches
  10 goblins
  3 hobgoblins
  6 bats
  3 frilled lizards
  6 kobolds
  8 rats
67 creatures vanquished.

Vanquished Creatures (others)
  3 plants (D:4)
3 creatures vanquished.

Grand Total: 70 creatures vanquished

Notes
Turn   | Place    | Note
-------+----------+-------------------------------------------
     0 | D:1      | growler the Merfolk Transmuter began the quest for the Orb.
     0 | D:1      | Reached XP level 1. HP: 15/15 MP: 3/3
   188 | D:1      | Reached XP level 2. HP: 7/21 MP: 5/5
   196 | D:1      | Learned a level 2 spell: Wereblood
  1110 | D:1      | Reached XP level 3. HP: 20/26 MP: 4/6
  1123 | D:1      | Learned a level 3 spell: Spider Form
  2144 | D:3      | Found an ornate altar of the Wu Jian Council.
  2152 | D:3      | Became a worshipper of the Wu Jian Council
  2222 | D:3      | Reached skill level 4 in Unarmed Combat
  2233 | D:3      | Reached XP level 4. HP: 16/32 MP: 2/8
  3094 | D:4      | Reached XP level 5. HP: 37/37 MP: 5/9
  3099 | D:4      | Learned a level 4 spell: Ice Form
  3180 | D:4      | Reached skill level 5 in Unarmed Combat
  3476 | D:4      | Noticed a yak
  3476 | D:4      | Noticed a yak
  3504 | D:4      | Killed a yak
  3505 | D:4      | Reached skill level 6 in Unarmed Combat
  3505 | D:4      | Reached XP level 6. HP: 13/43 MP: 7/10
  3762 | D:4      | Noticed a yak
  3800 | D:4      | Killed a yak
  3801 | D:4      | Reached skill level 7 in Unarmed Combat
  3801 | D:4      | Reached XP level 7. HP: 24/48 MP: 8/11
  4185 | D:4      | Identified the +7 falchion "Ogreslayer" {antimagic, rF+
                  | rC+}
  4694 | D:4      | Slain by a yak

Illustrated notes

Levels and vault maps discovered:
D:1:      dpeg_arrival_ratfight, layout_basic
D:2:      layout_basic
D:3:      layout_basic, nicolae_wu_jian_glorious_leap
D:4:      layout_loops_corners, serial_forest, infiniplex_forest_lined_room_3,
          infiniplex_forest_clump_tiny, infiniplex_forest_clump_double,
          infiniplex_forest_end_double

Skill      XL: |  1  2  3  4  5  6 |
---------------+-------------------+-----
Transmutations | 3 4 |  4.0
Unarmed Combat | 4 6 7 |  7.8
Spellcasting   | 3 |  3.0
Fighting       | |  1.1
Dodging        | |  2.6

Action                   |  1- 3 |  4- 6 |  7- 9 || total
-------------------------+-------+-------+-------++-------
Melee: Unarmed           |   122 |    41 |    14 ||   177
       Headbutt          |    11 |     2 |     1 ||    14
       Punch             |     2 |     1 |       ||     3
 Cast: Beastly Appendage |    23 |     5 |     3 ||    31
       Wereblood         |     2 |       |       ||     2
       Spider Form       |     1 |     4 |     1 ||     6
Invok: Lunge             |     1 |     3 |     2 ||     6
  Use: Scroll            |       |     2 |     1 ||     3
       Potion            |       |     2 |       ||     2
Armor: Robe              |    22 |     5 |     1 ||    28
       Skin              |       |     4 |       ||     4
Dodge: Dodged            |    63 |    27 |    10 ||   100
